| TOP OF THE 1ST |
|
Tidewater Tides batting - Pitching for Columbus Jets : RHP Sven Lamberts
|
|
Pitching: RHP Sven Lamberts
|
|
|
Batting: RHB Anthony Lachowetz
|
0-0: Called Strike 0-1: Foul Ball, location: 2F 0-2: Ball 1-2: Strikes out swinging
|
|
Batting: RHB German Rivera
|
0-0: Ball 1-0: Ground out 5-3 (Groundball, 56S, EV 78.1 MPH)
|
|
Batting: RHB Brad Komminsk
|
0-0: Called Strike 0-1: Ball 1-1: Foul Ball, location: 2F 1-2: Strikes out swinging
|
| Top of the 1st over - 0 runs, 0 hits, 0 errors, 0 left on base; Tidewater 0 - Columbus 0 |
| BOTTOM OF THE 1ST |
|
Columbus Jets batting - Pitching for Tidewater Tides : RHP Bill Long
|
|
Pitching: RHP Bill Long
|
|
|
Batting: RHB Greg Schultz
|
0-0: SINGLE (Groundball, 15, EV 89.4 MPH) (infield hit)
|
|
Batting: RHB Jim Maler
|
Pickoff Throw to First - Error! E1 Greg Schultz to second 0-0: Called Strike 0-1: Called Strike 0-2: Ball 1-2: Fly out, F3 (Popup, 23F, EV 92.5 MPH)
|
|
Batting: RHB Danny Tartabull
|
0-0: Foul Ball, location: 2F 0-1: Ball 1-1: Swinging Strike 1-2: Ball 2-2: 2-RUN HOME RUN (Flyball, 7LD, EV 94.4 MPH), Distance : 368 ft
|
|
Batting: LHB Larry Sheets
|
0-0: Ball 1-0: Foul Ball, location: 2F 1-1: Fly out, F9 (Line Drive, 9D, EV 94.4 MPH)
|
|
Batting: RHB Jackie Gutierrez
|
0-0: Called Strike 0-1: SINGLE (Groundball, 56D, EV 103.8 MPH)
|
|
Batting: LHB Paul Hollins
|
0-0: Called Strike 0-1: Ball 1-1: Foul Ball, location: 2F 1-2: Foul Ball, location: 2F 1-2: Foul Ball, location: 2F 1-2: Ball 2-2: Ball 3-2: Strikes out swinging
|
| Bottom of the 1st over - 2 runs, 3 hits, 1 error, 1 left on base; Tidewater 0 - Columbus 2 |
| TOP OF THE 2ND |
|
Tidewater Tides batting - Pitching for Columbus Jets : RHP Sven Lamberts
|
|
Batting: LHB Dave Kable
|
0-0: Ground out 4-3 (Groundball, 4, EV 86.9 MPH)
|
|
Batting: RHB Mike Rex
|
0-0: Ball 1-0: Foul Ball, location: 2F 1-1: Swinging Strike 1-2: Ground out 3-1 (Groundball, 23, EV 90.0 MPH)
|
|
Batting: RHB George Gomez
|
0-0: Called Strike 0-1: Swinging Strike 0-2: Foul Ball, location: 2F 0-2: Ball 1-2: Ball 2-2: Ground out 5-3 (Groundball, 56, EV 85.0 MPH)
|
| Top of the 2nd over - 0 runs, 0 hits, 0 errors, 0 left on base; Tidewater 0 - Columbus 2 |
| BOTTOM OF THE 2ND |
|
Columbus Jets batting - Pitching for Tidewater Tides : RHP Bill Long
|
|
Batting: RHB Michael Ventress
|
0-0: Swinging Strike 0-1: Ball 1-1: Called Strike 1-2: Foul Ball, location: 2F 1-2: Foul Ball, location: 2F 1-2: Ball 2-2: Fly out, F9 (Line Drive, 9, EV 90.6 MPH)
|
|
Batting: RHB Glenn Goya
|
0-0: Ground out 4-3 (Groundball, 34, EV 103.1 MPH)
|
|
Batting: LHB Mike Lebo
|
0-0: Called Strike 0-1: Called Strike 0-2: Ball 1-2: Ball 2-2: Foul Ball, location: 2F 2-2: Strikes out swinging, 2-3 out at first.
|
| Bottom of the 2nd over - 0 runs, 0 hits, 0 errors, 0 left on base; Tidewater 0 - Columbus 2 |
| TOP OF THE 3RD |
|
Tidewater Tides batting - Pitching for Columbus Jets : RHP Sven Lamberts
|
|
Batting: RHB Thomas Walker
|
0-0: Ball 1-0: Swinging Strike 1-1: Ball 2-1: Ball 3-1: Base on Balls
|
|
Batting: LHB Mike Martin
|
0-0: Fielders Choice at 2nd, 4-6 (Groundball, 4, EV 81.3 MPH)
|
|
Batting: SHB Julio Valdez
|
0-0: Ball 1-0: Grounds into double play, 6-4-3 (Groundball, 6, EV 106.3 MPH)
|
| Top of the 3rd over - 0 runs, 0 hits, 0 errors, 0 left on base; Tidewater 0 - Columbus 2 |
| BOTTOM OF THE 3RD |
|
Columbus Jets batting - Pitching for Tidewater Tides : RHP Bill Long
|
|
Batting: RHB Greg Schultz
|
0-0: Ball 1-0: Ball 2-0: Ball 3-0: Base on Balls
|
|
Batting: RHB Jim Maler
|
0-0: Ground out 6-3 (Groundball, 6, EV 103.1 MPH) Greg Schultz to second
|
|
Batting: RHB Danny Tartabull
|
0-0: Called Strike 0-1: Swinging Strike 0-2: Foul Ball, location: 2F 0-2: Strikes out swinging
|
|
Batting: LHB Larry Sheets
|
0-0: Ball 1-0: Fly out, F4 (Line Drive, 4, EV 62.5 MPH)
|
| Bottom of the 3rd over - 0 runs, 0 hits, 0 errors, 1 left on base; Tidewater 0 - Columbus 2 |
| TOP OF THE 4TH |
|
Tidewater Tides batting - Pitching for Columbus Jets : RHP Sven Lamberts
|
|
Batting: RHB Anthony Lachowetz
|
0-0: Foul Ball, location: 2F 0-1: Called Strike 0-2: Ball 1-2: Ball 2-2: Foul Ball, location: 2F 2-2: Ball 3-2: DOUBLE (Line Drive, 89D, EV 106.9 MPH)
|
|
Batting: RHB German Rivera
|
0-0: Foul Ball, location: 2F 0-1: Ball 1-1: Called Strike 1-2: Ball 2-2: Ground out 1-3 (Groundball, 15S, EV 73.1 MPH)
|
|
Batting: RHB Brad Komminsk
|
0-0: Ball 1-0: Ball 2-0: Called Strike 2-1: Called Strike 2-2: Strikes out swinging
|
|
Batting: LHB Dave Kable
|
0-0: Foul Ball, location: 2F 0-1: Swinging Strike 0-2: Ball 1-2: Ball 2-2: Ground out U3 (Groundball, 3, EV 76.9 MPH)
|
| Top of the 4th over - 0 runs, 1 hit, 0 errors, 1 left on base; Tidewater 0 - Columbus 2 |
| BOTTOM OF THE 4TH |
|
Columbus Jets batting - Pitching for Tidewater Tides : RHP Bill Long
|
|
Batting: RHB Jackie Gutierrez
|
0-0: Ball 1-0: Ground out 4-3 (Groundball, 4, EV 88.1 MPH)
|
|
Batting: LHB Paul Hollins
|
0-0: Ball 1-0: Foul Ball, location: 2F 1-1: Called Strike 1-2: Ball 2-2: DOUBLE (Flyball, 7LD, EV 91.9 MPH)
|
|
Batting: RHB Michael Ventress
|
0-0: DOUBLE (Flyball, 8LXD, EV 97.5 MPH) Paul Hollins scores
|
|
Batting: RHB Glenn Goya
|
0-0: Foul Ball, location: 2F 0-1: Ball 1-1: Ground out U3 (Groundball, 3L, EV 84.4 MPH) Michael Ventress to third
|
|
Batting: LHB Mike Lebo
|
0-0: Ground out 4-3 (Groundball, 4S, EV 83.8 MPH)
|
| Bottom of the 4th over - 1 run, 2 hits, 0 errors, 1 left on base; Tidewater 0 - Columbus 3 |
| TOP OF THE 5TH |
|
Tidewater Tides batting - Pitching for Columbus Jets : RHP Sven Lamberts
|
|
Batting: RHB Mike Rex
|
0-0: Ground out 4-3 (Groundball, 34, EV 101.3 MPH)
|
|
Batting: RHB George Gomez
|
0-0: Ball 1-0: Ground out 4-3 (Groundball, 4, EV 86.9 MPH)
|
|
Batting: RHB Thomas Walker
|
0-0: Ball 1-0: Ball 2-0: Swinging Strike 2-1: Foul Ball, location: 2F 2-2: Strikes out looking
|
| Top of the 5th over - 0 runs, 0 hits, 0 errors, 0 left on base; Tidewater 0 - Columbus 3 |
| BOTTOM OF THE 5TH |
|
Columbus Jets batting - Pitching for Tidewater Tides : RHP Bill Long
|
|
Batting: RHB Greg Schultz
|
0-0: Swinging Strike 0-1: Ball 1-1: Fly out, F6 (Flyball, 56D, EV 87.5 MPH)
|
|
Batting: RHB Jim Maler
|
0-0: Ball 1-0: Ground out U3 (Groundball, 34, EV 82.5 MPH)
|
|
Batting: RHB Danny Tartabull
|
0-0: Foul Ball, location: 2F 0-1: Ball 1-1: Fly out, F9 (Line Drive, 9D, EV 94.4 MPH)
|
| Bottom of the 5th over - 0 runs, 0 hits, 0 errors, 0 left on base; Tidewater 0 - Columbus 3 |
| TOP OF THE 6TH |
|
Tidewater Tides batting - Pitching for Columbus Jets : RHP Sven Lamberts
|
|
Batting: LHB Mike Martin
|
0-0: Foul Ball, location: 2F 0-1: Ball 1-1: Called Strike 1-2: Foul Ball, location: 2F 1-2: Ground out 1-3 (Groundball, 15, EV 70.6 MPH)
|
|
Batting: SHB Julio Valdez
|
0-0: Called Strike 0-1: Ball 1-1: Ball 2-1: Ground out 2-3 (Groundball, 2L, EV 61.3 MPH)
|
|
Batting: RHB Anthony Lachowetz
|
0-0: Called Strike 0-1: Ball 1-1: Ball 2-1: Ball 3-1: Foul Ball, location: 2F 3-2: Ground out 6-3 (Groundball, 6, EV 85.0 MPH)
|
| Top of the 6th over - 0 runs, 0 hits, 0 errors, 0 left on base; Tidewater 0 - Columbus 3 |
| BOTTOM OF THE 6TH |
|
Columbus Jets batting - Pitching for Tidewater Tides : RHP Bill Long
|
|
Batting: LHB Larry Sheets
|
0-0: Ball 1-0: Ground out 6-3 (Groundball, 6, EV 99.4 MPH)
|
|
Batting: RHB Jackie Gutierrez
|
0-0: Fly out, F3 (Popup, 3L, EV 75.6 MPH)
|
|
Batting: LHB Paul Hollins
|
0-0: Ground out 4-3 (Groundball, 4, EV 98.8 MPH)
|
| Bottom of the 6th over - 0 runs, 0 hits, 0 errors, 0 left on base; Tidewater 0 - Columbus 3 |
| TOP OF THE 7TH |
|
Tidewater Tides batting - Pitching for Columbus Jets : RHP Sven Lamberts
|
|
Batting: RHB German Rivera
|
0-0: Called Strike 0-1: Ball 1-1: Fly out, F6 (Line Drive, 6, EV 67.5 MPH)
|
|
Batting: RHB Brad Komminsk
|
0-0: Ball 1-0: Called Strike 1-1: Ball 2-1: Foul Ball, location: 2F 2-2: SINGLE (Groundball, 34S, EV 72.5 MPH) (infield hit)
|
|
Batting: LHB Dave Kable
|
0-0: Foul Ball, location: 2F 0-1: Fly out, F7 (Flyball, 7LM, EV 92.5 MPH)
|
|
Batting: RHB Mike Rex
|
0-0: Ball Brad Komminsk steals 2nd base 1-0: Ball 2-0: Ball 3-0: Called Strike 3-1: Ground out 5-3 (Groundball, 5, EV 86.9 MPH)
|
| Top of the 7th over - 0 runs, 1 hit, 0 errors, 1 left on base; Tidewater 0 - Columbus 3 |
| BOTTOM OF THE 7TH |
|
Columbus Jets batting - Pitching for Tidewater Tides : RHP Bill Long
|
|
Batting: RHB Michael Ventress
|
0-0: Ball 1-0: Called Strike 1-1: Ball 2-1: Foul Ball, location: 2F 2-2: Strikes out swinging
|
|
Batting: RHB Glenn Goya
|
0-0: Ground out 6-3 (Groundball, 6, EV 102.5 MPH)
|
|
Batting: LHB Mike Lebo
|
0-0: Ball 1-0: Ball 2-0: Fly out, F6 (Popup, 4M, EV 52.5 MPH)
|
| Bottom of the 7th over - 0 runs, 0 hits, 0 errors, 0 left on base; Tidewater 0 - Columbus 3 |
| TOP OF THE 8TH |
|
Tidewater Tides batting - Pitching for Columbus Jets : RHP Sven Lamberts
|
|
Now in RF: Dave Bialas
|
|
|
Batting: RHB George Gomez
|
0-0: Called Strike 0-1: Called Strike 0-2: Strikes out swinging
|
|
Batting: RHB Thomas Walker
|
0-0: Called Strike 0-1: Ball 1-1: Ball 2-1: SINGLE (Line Drive, 7LM, EV 108.1 MPH)
|
|
Batting: LHB Mike Martin
|
0-0: Grounds into double play, 6-4-3 (Groundball, 6MD, EV 98.8 MPH)
|
| Top of the 8th over - 0 runs, 1 hit, 0 errors, 0 left on base; Tidewater 0 - Columbus 3 |
| BOTTOM OF THE 8TH |
|
Columbus Jets batting - Pitching for Tidewater Tides : RHP Bill Long
|
|
Batting: RHB Greg Schultz
|
0-0: Fly out, F8 (Flyball, 78XD, EV 95.0 MPH)
|
|
Batting: RHB Jim Maler
|
0-0: Foul Ball, location: 2F 0-1: Ball 1-1: Reached on error, E5 (Groundball, 56S, EV 81.3 MPH)
|
|
Batting: RHB Danny Tartabull
|
0-0: Ball 1-0: Called Strike 1-1: Ball 2-1: Ball 3-1: Foul Ball, location: 2F 3-2: Fly out, F3 (Popup, 3, EV 76.9 MPH)
|
|
Batting: LHB Larry Sheets
|
0-0: Ball 1-0: Ball 2-0: Ground out 4-3 (Groundball, 4, EV 84.4 MPH)
|
| Bottom of the 8th over - 0 runs, 0 hits, 1 error, 1 left on base; Tidewater 0 - Columbus 3 |
| TOP OF THE 9TH |
|
Tidewater Tides batting - Pitching for Columbus Jets : RHP Sven Lamberts
|
|
Batting: SHB Julio Valdez
|
0-0: Fly out, F8 (Flyball, 89D, EV 83.1 MPH)
|
|
Batting: RHB Anthony Lachowetz
|
0-0: TRIPLE (Groundball, 5L, EV 95.0 MPH)
|
|
Batting: RHB German Rivera
|
0-0: Foul Ball, location: 2F 0-1: Ball 1-1: Ground out 6-3 (Groundball, 6, EV 91.9 MPH) Anthony Lachowetz scores
|
|
Pitching: RHP Owen Foley
|
|
|
Batting: RHB Brad Komminsk
|
0-0: Ball 1-0: Ball 2-0: Foul Ball, location: 2F 2-1: Called Strike 2-2: Foul Ball, location: 2F 2-2: Ball 3-2: Foul Ball, location: 2F 3-2: Strikes out swinging
|
| Top of the 9th over - 1 run, 1 hit, 0 errors, 0 left on base; Tidewater 1 - Columbus 3 |
|